 Dungeon Crawl Stone Soup version 0.21-a0-380-gd65dc97 (webtiles) character file.

54 grizmgrazm2 the Skirmisher (level 3, 0/34 HPs)
             Began as a Minotaur Fighter on Oct 17, 2017.
             Slain by Sigmund
             ... wielding a +0 scythe
              (6 damage)
             ... on level 2 of the Dungeon.
             The game lasted 00:02:06 (1515 turns).

grizmgrazm2 the Skirmisher (Minotaur Fighter)       Turns: 1515, Time: 00:02:07

Health: 0/34       AC:  7    Str: 21    XL:     3   Next: 66%
Magic:  2/2        EV:  7    Int:  5    God:
Gold:   37         SH:  9    Dex:  9    Spells: 2/2 levels left

rFire    . . .     SeeInvis .   a - +0 flail
rCold    . . .     Gourm    .   c - +0 shield
rNeg     . . .     Faith    .   b - +0 scale mail
rPois    .         Spirit   .   (helmet restricted)
rElec    .         Reflect  .   (no cloak)
rCorr    .         Harm     .   (no gloves)
MR       .....                  (no boots)
Stlth    ..........             (no amulet)
HPRegen  0.11/turn              (no ring)
MPRegen  0.08/turn              (no ring)

@: no status effects
A: retaliatory headbutt, horns 2
a: no special abilities


You were on level 2 of the Dungeon.
You were not hungry.

You visited 1 branch of the dungeon, and saw 2 of its levels.

You collected 37 gold pieces.

Inventory:

Hand Weapons
 a - a +0 flail (weapon)
Armour
 b - a +0 scale mail (worn)
 c - a +0 shield (worn)
Scrolls
 e - a scroll of teleportation {unknown}
 h - a scroll of remove curse {unknown}
 j - a scroll of random uselessness {unknown}
 k - a scroll of identify {unknown}
Potions
 d - 2 potions of might
 i - a potion of agility {unknown}
 l - a potion of brilliance {unknown}
 m - a potion of heal wounds {unknown}
Comestibles
 f - a bread ration


   Skills:
 + Level 4.4 Fighting
 + Level 3.0 Maces & Flails
 + Level 4.0 Armour
 + Level 0.3 Dodging
 + Level 4.3 Shields


You had 2 spell levels left.
You didn't know any spells.

Dungeon Overview and Level Annotations

Branches:
Dungeon (2/15)

Altars:

Annotations:
D:2 Sigmund


Innate Abilities, Weirdness & Mutations

You reflexively headbutt those who attack you in melee.
You have a pair of horns on your head.


Message History

You closely miss something. You headbutt something.
You block something's attack.
You closely miss something. You headbutt something! You closely miss something.
Something hits you but does no damage.
You miss something. Your headbutt misses something.
You hear some strange, mumbled words.
Something tries to affect you, but you resist.
Something hits you!
You miss something. You miss something. Something hits you.
* * * LOW HITPOINT WARNING * * *
You closely miss something. Your headbutt misses something.
You hear some strange, mumbled words.
A puff of flame appears from out of thin air!
The puff of flame misses you. Something hits you but does no damage.
You closely miss something. You headbutt something! You miss something.
Something hits you.
* * * LOW HITPOINT WARNING * * *
You hit something but do no damage. Something hits you.
You die...

###### ### .#. .....# #.. ..
.###.# #...# #.# .# .# #.#
#...# #.###.#.# .###.# #...#
#.##..#.# .....## #...#
#.##.##.###.
......####...#####...........
##.##.........<.@{.......###..
...................##.#......
...##..............##....###
.####.##....<..###.###...###
......##.#...#.# #.#.†.....#
########.#...#.# #.......#.# #
#.#.(.#.# #.#.#..## # #
#.#...#.# #......# ####
#.......# ###.#.#......


There were no monsters in sight!

Vanquished Creatures
  2 adders (D:2)
  A shadow imp (D:2)
  A dart slug (D:1)
  2 leopard geckos
  3 bats
  2 giant cockroaches
  A goblin (D:1)
  4 hobgoblins
  A quokka (D:2)
  2 frilled lizards
  4 kobolds
  A rat (D:2)
24 creatures vanquished.

Notes
Turn   | Place    | Note
-------+----------+-------------------------------------------
     0 | D:1      | grizmgrazm2 the Minotaur Fighter began the quest for the Orb.
     0 | D:1      | Reached XP level 1. HP: 19/19 MP: 0/0
   139 | D:1      | Reached XP level 2. HP: 27/27 MP: 1/1
   861 | D:2      | Reached XP level 3. HP: 21/33 MP: 2/2
  1276 | D:2      | Noticed Sigmund
  1515 | D:2      | Slain by Sigmund

Vault maps used:
D:1:      minmay_arrival_diagonal_passages
D:2:      uniq_sigmund

Skill      XL: |  1  2  3 |
---------------+----------+-----
Shields        | 4 |  4.3
Fighting       | 4 |  4.4
Armour         | 4 |  4.0
Maces & Flails | 3 |  3.0
Dodging        | |  0.3

Action                   || total
-------------------------++-------
Melee: Flail             ||   111
       Headbutt          ||    13
  Eat: Meat ration       ||     1
       Chunk             ||     1
Armor: Scale mail        ||    42
Dodge: Dodged            ||    27
Block: Shield            ||    49

Table legend:
 A = Spawn XP
 B = Non-spawn XP
 C = Spawn XP percentage of total XP
 D = Spawn monster count
 E = Non-spawn monster count
 F = Spawn count percentage of total count
 G = Total turns spent on level
                    A         B        C        D         E        F      G
               +---------+---------+-------+---------+---------+-------+---------
         Total |       0 |      78 |   0.0 |       0 |      24 |   0.0 |  1515
               +---------+---------+-------+---------+---------+-------+---------
           D:1 |       0 |      20 |   0.0 |       0 |      10 |   0.0 |   728
           D:2 |       0 |      58 |   0.0 |       0 |      14 |   0.0 |   787
               +---------+---------+-------+---------+---------+-------+---------
